cohdb
Replays
Latest Replays
All Replays
Popular Replays
Top Player Replays
Match Explorer
How It Works
Community
CoH3 Stats
Reddit
Sign in to upload your games and track your stats! →
Sign in with Steam
Match 45382172
Unlisted
Match 45382172
Overview
Messages
Build Orders
End
Royal Engineer Section
Selects Canadian Shock Battlegroup
Construct Section Command Post
Dingo Light Scout Car
Infantry Section
Infantry Section
Vickers Machine Gun Team
Grenade Package
Selects Attacking Spirit
Selects Canadian Shock Section
Selects Incendiary Munitions
Construct Field Infirmary
Canadian Shock Section
matjouz
Trion
0
0
Comments
sign in to comment!
No comments posted yet!